 Dungeon Crawl Stone Soup version 0.32-a0-607-g64ea0e4219 (webtiles) character file.

Game seed: 4546701787759769232

1798291 gimp the Sorcerer (level 27, 226/226 HPs)
             Began as a Naga Earth Elementalist on Mar 3, 2024.
             Was the Champion of Vehumet.
             Escaped with the Orb
             ... and 3 runes!
             The game lasted 03:02:37 (59607 turns).

gimp the Sorcerer (Naga Earth Elementalist)        Turns: 59607, Time: 03:02:38

Health: 226/226    AC: 35    Str: 17    XL:     27
Magic:  52/52      EV: 16    Int: 40    God:    Vehumet [******]
Gold:   2596       SH: 11    Dex: 13    Spells: 14/76 levels left

rFire   + + .        a - +3 Elemental Staff {ele, rElec rF+ rC+ AC+3}
rCold   + + .        j - +0 kite shield {reflect}
rNeg    + + .        b - +2 faerie dragon scales {rCorr Str+3 Clar}
rPois   +            D - +2 helmet {Int+3}
rElec   +            d - scarf {rC+ rF+}
rCorr   +            H - +0 pair of gloves
SInv    +            A - +10 Black Knight's barding {ponderous, rPois rN+}
Will    +++..        N - amulet of magic regeneration
Stlth   +            x - +6 ring of intelligence
HPRegen 0.57/turn    q - ring "Qejalil" {rN+ EV+5 Str+4}
MPRegen 0.73/turn

%: reflection, clarity
@: studying Staves, very slow
A: AC +9, large, see invisible, deformed body, poison resistance, slowness 2,
spit poison 1, naga tail 2, thin skeletal structure 1, clever 1, clumsy 1,
inability to drink after injury 1, noise suppression
0: Orb of Zot
}: 3/15 runes: decaying, slimy, gossamer
a: Spit Poison, Renounce Religion


You escaped.
You worshipped Vehumet.
Vehumet was exalted by your worship.
You visited 11 branches of the dungeon, and saw 52 of its levels.
You visited 2 bazaars.
You also visited: Wizlab.

You collected 6484 gold pieces.
You spent 3888 gold pieces at shops.

Inventory:

Hand Weapons
 a - the +3 Elemental Staff (weapon) {ele, rElec rF+ rC+ AC+3}
   (You took it off an occultist on level 2 of the Depths)

   AC+3:      It affects your AC (+3).
   rF+:       It protects you from fire.
   rC+:       It protects you from cold.
   rElec:     It insulates you from electricity.
Missiles
 n - 3 throwing nets
 B - 8 curare-tipped darts
Armour
 b - the +2 faerie dragon scales (worn) {rCorr Str+3 Clar}
   (You took it off the Enchantress on level 3 of the Depths)

   Str+3:     It affects your strength (+3).
   Clar:      It protects you from confusion, rage, mesmerisation and fear.
   rCorr:     It protects you from acid and corrosion.
 d - a scarf of resistance (worn)
 j - a +0 kite shield of reflection (worn)
 y - the +3 robe of Clouds {*Thunder rCloud rElec}
   (You took it off a Cloud Mage in a wizard's laboratory)

   *Thunder:  It occasionally creates storm clouds above nearby enemies.
   rCloud:    It grants its wearer immunity to clouds.
   rElec:     It insulates you from electricity.
 A - the +10 Black Knight's barding (worn) {ponderous, rPois rN+}
   (You bought it in a shop on level 8 of the Dungeon)

   rPois:     It protects you from poison.
   rN+:       It protects you from negative energy.
 D - a +2 helmet of intelligence (worn)
 H - a +0 pair of gloves (worn)
Jewellery
 e - the ring "Nadoesm" {rPois Will+ Dex+4 SInv}
   (You found it in a wizard's laboratory)

   [ring of poison resistance]

   Dex+4:     It affects your dexterity (+4).
   rPois:     It protects you from poison.
   Will+:     It increases your willpower.
   SInv:      It lets you see invisible.
 q - the ring "Qejalil" (right hand) {rN+ EV+5 Str+4}
   (You took it off a Cloud Mage in a wizard's laboratory)

   [ring of evasion]

   EV+5:      It affects your evasion (+5).
   Str+4:     It affects your strength (+4).
   rN+:       It protects you from negative energy.
 r - a ring of protection from cold
 x - a +6 ring of intelligence (left hand)
 G - the ring "Iwauvu" {Fly Int+3}
   (You found it in a wizard's laboratory)

   [ring of flight]

   Int+3:     It affects your intelligence (+3).
   Fly:       It grants you flight.
 N - an amulet of magic regeneration (around neck)
 V - a ring of wizardry
Wands
 u - a wand of light (56)
 J - a wand of digging (26)
 O - a wand of iceblast (39)
 P - a wand of flame (130)
Scrolls
 l - 9 scrolls of fear
 m - 7 scrolls of blinking
 o - 2 scrolls of revelation
 v - a scroll of butterflies
 K - 7 scrolls of fog
 M - 18 scrolls of teleportation
 S - 2 scrolls of immolation
 T - 7 scrolls of amnesia
 X - 5 scrolls of poison
Potions
 f - 16 potions of curing
 i - 6 potions of resistance
 k - 4 potions of enlightenment
 p - 12 potions of heal wounds
 w - 2 potions of haste
 z - 4 potions of mutation
 C - 8 potions of brilliance
 L - 4 potions of ambrosia
 Q - 9 potions of invisibility
 Y - 4 potions of cancellation
Miscellaneous
 c - a sack of spiders
 R - a lightning rod (4/4)
 U - a tin of tremorstones (2/2)
 Z - a phantom mirror


   Skills:
 + Level 9.9 Fighting
 - Level 13.0 Dodging
 - Level 3.0 Stealth
 - Level 10.0 Shields
 - Level 25.0 Spellcasting
 - Level 20.0 Conjurations
 - Level 5.0 Translocations
 - Level 18.0 Fire Magic
 + Level 23.8 Air Magic
 - Level 8.0 Earth Magic
 - Level 8.0 Alchemy


You had 14 spell levels left.
You knew the following spells:

 Your Spells              Type           Power      Damage    Failure   Level
a - Stone Arrow           Conj/Erth      100%       3d13      0%          3
b - Conjure Ball Lightni  Conj/Air       73%        3x3d27    0%          6
c - Maxwell's Capacitive  Air            76%        ∞         1%          8
d - Iskenderun's Mystic   Conj/Tloc      100%       2d19      1%          4
e - Starburst             Conj/Fire      70%        6d18      1%          6
f - Fireball              Conj/Fire      70%        3d26      0%          5
g - Irradiate             Conj/Alch      52%        3d29      1%          5
h - Plasma Beam           Fire/Air       85%        2x1d104   1%          6
i - Ignition              Fire           69%        3d18      1%          8
j - Blink                 Tloc           100%       N/A       1%          2
k - Chain Lightning       Conj/Air       73%        3d98      4%          9

Your spell library contained the following spells:

 Spells                   Type           Power      Damage    Failure   Level
 Fire Storm               Conj/Fire      70%        8d18      12%         9
 Kiss of Death            Conj/Necr      100%       2d13      0%          1
 Magic Dart               Conj           100%       1d8       0%          1
 Mercury Vapours          Alch/Air       100%       N/A       0%          2
 Static Discharge         Conj/Air       100%       3-8/arc   0%          2
 Mephitic Cloud           Conj/Alch/Air  100%       N/A       0%          3
 Swiftness                Air            100%       N/A       0%          3
 Airstrike                Air            76%        2d(11-27) 0%          4
 Arcjolt                  Conj/Air       73%        1d83      0%          5
 Iskenderun's Battlesphe  Conj           100%       2d15      0%          5
 Necrotise                Necr           100%       1d9       1%          1
 Sandblast                Erth           100%       2d20      1%          1
 Slow                     Hex            100%       N/A       1%          1
 Summon Small Mammal      Summ           100%       N/A       1%          1
 Call Imp                 Summ           100%       N/A       1%          2
 Cigotuvi's Dreadful Rot  Necr/Alch/Air  100%       N/A       1%          2
 Ensorcelled Hibernation  Hex/Ice        100%       N/A       1%          2
 Lesser Beckoning         Tloc           100%       N/A       1%          2
 Sublimation of Blood     Necr           50%        N/A       1%          2
 Dazzling Flash           Conj/Hex       100%       N/A       1%          3
 Gell's Gravitas          Tloc           74%        N/A       1%          3
 Passwall                 Erth           100%       N/A       1%          3
 Teleport Other           Tloc           74%        N/A       1%          3
 Volatile Blastmotes      Fire/Tloc      100%       2d18      1%          3
 Animate Armour           Summ/Erth      100%       N/A       1%          4
 Brom's Barrelling Bould  Conj/Erth      100%       2d11      1%          4
 Fulminant Prism          Conj/Alch      52%        3d22      1%          4
 Ignite Poison            Fire/Alch      100%       N/A       1%          4
 Olgreb's Toxic Radiance  Alch           85%        N/A       1%          4
 Passage of Golubria      Tloc           74%        N/A       1%          4
 Petrify                  Alch/Erth      100%       N/A       1%          4
 Sticky Flame             Fire/Alch      100%       2d15      1%          4
 Summon Blazeheart Golem  Fire/Summ      100%       N/A       1%          4
 Summon Lightning Spire   Summ/Air       100%       N/A       1%          4
 Vhi's Electric Charge    Tloc/Air       100%       N/A       1%          4
 Alistair's Intoxication  Alch           56%        N/A       1%          5
 Freezing Cloud           Conj/Ice/Air   77%        6-21      1%          5
 Lee's Rapid Deconstruct  Erth           53%        3d25*     1%          5
 Silence                  Hex/Air        60%        N/A       1%          5
 Yara's Violent Unravell  Hex/Alch       35%        3d14      1%          5
 Bombard                  Conj/Erth      63%        9d10      1%          6
 Eringya's Noxious Bog    Alch           42%        4d6       1%          6
 Orb of Destruction       Conj           59%        9d14      1%          7
 Call Canine Familiar     Summ           50%        N/A       3%          3
 Confusing Touch          Hex            50%        N/A       3%          3
 Ozocubu's Armour         Ice            66%        N/A       3%          3
 Sigil of Binding         Hex            50%        N/A       3%          3
 Tukima's Dance           Hex            50%        N/A       3%          3
 Vampiric Draining        Necr           50%        2d9       3%          3
 Dimensional Bullseye     Hex/Tloc       31%        N/A       3%          4
 Borgnjor's Vile Clutch   Necr/Erth      44%        N/A       6%          5
 Lehudib's Crystal Spear  Conj/Erth      63%        10d15     6%          8
 Anguish                  Hex/Necr       25%        N/A       11%         4
 Dispel Undead            Necr           50%        3d19      11%         4
 Martyr's Knell           Necr/Summ      50%        N/A       11%         4
 Dispersal                Tloc           37%        N/A       22%         6
 Curse of Agony           Necr           50%        N/A       30%         5
 Metabolic Englaciation   Hex/Ice        33%        N/A       30%         5
 Death Channel            Necr           25%        N/A       86%         6
 Summon Cactus Giant      Summ           25%        N/A       86%         6
 Ozocubu's Refrigeration  Ice            33%        4d14      89%         7
 Malign Gateway           Summ/Tloc      31%        N/A       97%         7
 Monstrous Menagerie      Summ           25%        N/A       100%        7
 Summon Hydra             Summ           25%        N/A       100%        7
 Discord                  Hex            25%        N/A       100%        8
 Summon Horrible Things   Summ           25%        N/A       100%        8
 Polar Vortex             Ice            33%        12d4*     100%        9


Dungeon Overview and Level Annotations

Branches:
Dungeon (15/15)            Temple (1/1) D:7            Lair (5/5) D:9
  Swamp (4/4) Lair:3       Spider (4/4) Lair:2        Slime (5/5) Lair:4
    Orc (2/2) D:11            Elf (3/3) Orc:2        Vaults (4/5) D:14
  Crypt (0/3) Vaults:2     Depths (4/4) D:15            Zot (5/5) Depths:4
 WizLab (visited)

Altars:
Ashenzari
Cheibriados
Dithmenos
Elyvilon
Fedhas
Gozag
Hepliaklqana
Kikubaaqudgha
Makhleb
Nemelex Xobeh
Okawaru
Qazlal
Ru
Sif Muna
Trog
Uskayaw
Vehumet
Wu Jian
Xom
Yredelemnul
Zin
The Shining One
Beogh
Lugonu

Shops:
D:3 *   D:5 (   D:8 [   D:10 [   Orc:1 *   Orc:2 [:*(   Elf:1 *   Elf:2 ?
Elf:3 ?   Vaults:2 !=   Vaults:4 =   Depths:1 ?

Portals:
Hell: Depths:1 Depths:2 Depths:3 Depths:4
Abyss: Depths:3 Depths:4
Pandemonium: Depths:2 Depths:3
Ziggurat: Depths:4

Annotations:
D:10 3 runed translucent doors, exclusion: 3 doors, DeathSocks's ghost, novice VSFi
D:11 2 transporters, Tollund's ghost, journeyman BaIE
D:15 Roxanne
Lair:2 exclusion: 3 oklob plants
Lair:5 2 runed translucent doors, exclusion: 2 doors
Swamp:2 Bai Suzhen
Orc:2 2 transporters, Gangsterbeez's ghost, journeyman MiFi
Elf:2 3 runed translucent doors, exclusion: 3 doors
Vaults:3 3 runed translucent doors


Innate Abilities, Weirdness & Mutations

Your serpentine skin is tough. (AC +9)
You have supernaturally acute eyesight. (SInv)
Armour fits poorly on your strangely shaped body.
Your system is resistant to poisons. (rPois)
You cover ground very slowly.
You can spit poison.
You can use your snake-like lower body to constrict enemies.
You have a somewhat thin skeletal structure. (Dex +2, Stealth+)
Your mind is acute. (Int +4, Str/Dex -1)
You are clumsy. (Dex -2)
You occasionally lose the ability to drink potions when taking damage.
You passively dampen the noise of your surroundings.


Message History

Vehumet accepts your kill.
You feel your power returning.
MP restored: 52 What level of the Dungeon? (default 1, ? - help)
A sixfirhy comes into view.
Casting: Maxwell's Capacitive Coupling (mildly dangerous; 1% risk of failure)
Confirm with . or Enter, or press ? or * to list all spells.
Aiming: Stone Arrow (safe; 0% risk of failure)
Press: ? - help, Shift-Dir - straight line, f - sixfirhy
Aim: a sixfirhy (sparks, 50% to hit)
You feel a surge of power!
The stone arrow hits the sixfirhy!!
The sixfirhy is severely wounded.
You now have 50/52 mp.
Casting: Stone Arrow (safe; 0% risk of failure)
Confirm with . or Enter, or press ? or * to list all spells.
Aiming: Stone Arrow (safe; 0% risk of failure)
Press: ? - help, Shift-Dir - straight line, f/p - sixfirhy
Aim: a sixfirhy (severely wounded, 50% to hit)
You feel a surge of power!
The stone arrow hits the sixfirhy!!
You kill the sixfirhy!
Vehumet accepts your kill.
You feel your power returning.
Magic restored.
A lich is nearby!
MP restored: 52
Casting: Plasma Beam (safe; 1% risk of failure)
Press: ? - help, Q - select action, (/) - cycle Dir - look around, f - activate
Okay, then.
Casting: Plasma Beam (safe; 1% risk of failure)
Confirm with . or Enter, or press ? or * to list all spells.
You feel a surge of power!
You begin accumulating electric charge. (Press . to continue charging.)
The lich shouts!
You feel charge building up...
You now have 45/52 mp.
You feel charge building up...
You feel charge building up...
The electricity discharges through the lich!!!!
The lich vaporises in an electric haze!
You destroy the lich!
Vehumet accepts your kill.
You feel your power returning.
MP restored: 52 An iguana comes into view.
An ice devil comes into view.
Casting: Plasma Beam (safe; 1% risk of failure)
Press: ? - help, Q - select action, (/) - cycle Dir - look around, f - activate You feel a strong surge of power!
The bolt of lightning hits the ice devil!!!
You kill the ice devil!
Vehumet accepts your kill.
You feel your power returning.
The iguana hisses angrily.
You now have 51/52 mp.
Casting: Plasma Beam (safe; 1% risk of failure)
Press: ? - help, Q - select action, (/) - cycle Dir - look around, f - activate You feel a strong surge of power!
The bolt of lightning hits the iguana!!!
You kill the iguana!
Vehumet accepts your kill.
You feel your power returning.
You now have 47/52 mp.
Magic restored.
You see here an iguana corpse.
There is a stone staircase leading up here.
You climb upwards.
There is a stone staircase leading down here.
You see here a rat skeleton.
A shadow demon comes into view.
MP restored: 52
Casting: Plasma Beam (safe; 1% risk of failure)
Press: ? - help, Q - select action, (/) - cycle Dir - look around, f - activate You feel a strong surge of power!
The bolt of lightning hits the shadow demon!!!!
You kill the shadow demon!
Vehumet accepts your kill.
You feel your power returning.
You now have 48/52 mp.
There is a stone staircase leading up here.
Magic restored.
You climb upwards.
There is a stone staircase leading down here.
A green death comes into view.
The green death roars!
MP restored: 52 Blink to where?
Press: ? - help, Dir - move target
As you read the scroll of blinking, it crumbles to dust.
There is a stone staircase leading up here.
You climb upwards.
There is a stone staircase leading down here.
Okay, then.
There is a shaft here.
A reaper comes into view. It is wielding a +2 scythe of venom.
The reaper moves out of view.
Casting: Plasma Beam (safe; 1% risk of failure)
Press: ? - help, Q - select action, (/) - cycle Dir - look around, f - activate
Okay, then.
There is an open door here.
There is a staircase leading out of the dungeon here.
You have escaped!

###### #.........# #.........##
.....# ##.........# #.........##
.2...# #..######### ##.......##
...÷.####.##############.....####
...........2.....................
......##..######2##########.#####
.........#### ##'#### #.#
...÷........###ß.ß#.# #.# #
##....#####...#♣@♣#.# #.#####
#.#........##♣♣♣♣♣.## #.##...
##.#.######.##♣♣♣♣♣..# #......
#..#.# #.......##.######......
#.##.## #######................
#.##.^##### ####.##..........
#.###.....# ######....##.......
#.# #####.# ###.............####.
#.# #.# #...######.##.#.###..


You could see a reaper.

Vanquished Creatures
  the Royal Jelly (Slime:5)
  10 orbs of fire
  4 ancient liches (Zot:5)
  Tiamat (Zot:3)
  Sojobo (Depths:4)
  2 shard shrikes (Depths:2)
  Vv (Zot:2)
  3 Killer Klowns
  2 curse toes
  A pandemonium lord (D:4)
  5 golden dragons
  the Enchantress (Depths:3)
  Nikola (Swamp:1)
  Arachne (Spider:3)
  2 bone dragons (Depths:4)
  A Tzitzimitl (Depths:3)
  5 electric golems
  A Brimstone Fiend (Zot:1)
  A Cloud Mage (WizLab)
  2 liches
  2 hellephants (Depths:2)
  18 tentacled monstrosities
  25 Orb Guardians (Zot:5)
  A deep elf blademaster (Elf:3)
  A walking divine tome (Depths:4)
  A titan (Depths:2)
  4 deep elf master archers (Elf:3)
  6 sphinxes
  Asterion (Spider:1)
  An Executioner (Depths:3)
  9 quicksilver dragons
  17 acid blobs
  13 death cobs
  21 storm dragons
  Kirke (D:15)
  5 tengu reavers
  7 shadow dragons
  Donald (Orc:2)
  3 thorn hunters
  7 azure jellies
  5 rockslimes
  6 draconian monks
  4 fenstrider witches
  6 protean progenitors
  2 emperor scorpions
  An iron dragon (Depths:2)
  Louise (D:15)
  5 draconian knights
  4 frost giants
  A spectral juggernaut (Depths:3)
  3 draconian scorchers
  8 ghost moths
  8 vault wardens
  9 fire giants
  A balrug (Depths:1)
  7 draconian shifters
  10 deep elf sorcerers
  2 orc warlords
  12 very ugly things
  A ghoul (Swamp:4)
  8 draconian stormcallers
  5 deep elf elementalists
  9 quicksilver oozes
  4 draconian annihilators
  3 spriggan defenders (Depths:3)
  2 broodmothers
  9 stone giants
  3 reapers (Depths:3)
  4 ironbound thunderhulks
  7 green draconians
  18 ironbound preservers
  10 formless jellyfish
  6 deep elf demonologists (Elf:3)
  A juggernaut skeleton (Depths:3)
  14 black draconians
  9 deep elf annihilators
  9 eleionomae
  Azrael (D:14)
  9 red draconians
  5 yellow draconians
  7 bunyips
  5 war gargoyles
  17 spark wasps
  14 dire elephants
  9 white draconians
  12 deep elf death magi
  15 purple draconians
  3 blizzard demons
  A green death (Swamp:4)
  2 crystal guardians
  8 yaktaur captains
  7 ettins
  4 deep elf high priests (Elf:3)
  8 fire dragons
  5 entropy weavers
  A spectral golden dragon (Depths:3)
  A rakshasa (Depths:1)
  15 great orbs of eyes
  3 shambling mangroves
  A spectral spriggan (Depths:3)
  A hell beast (Swamp:4)
  5 vault guards
  13 hydras
  Erica (Lair:1)
  5 radroaches
  6 ogre magi
  3 ice dragons
  A jorogumo (Spider:3)
  3 peacekeepers
  2 ghost crabs (WizLab)
  6 centaur warriors
  6 spriggan air magi
  A sphinx zombie (Depths:3)
  2 anacondas (Zot:2)
  2 satyrs (Zot:3)
  16 alligators
  12 ironbound frosthearts
  15 dancing weapons
  13 two-headed ogres
  8 deep troll earth magi
  A sphinx skeleton (Depths:3)
  8 boulder beetles
  2 hell hogs (Depths:1)
  10 vampire magi
  3 deep troll shamans
  7 tengu warriors
  3 spriggan berserkers
  2 occultists (Depths:2)
  8 demonic crawlers
  Urug (Lair:2)
  A shock serpent (shapeshifter) (Depths:1)
  2 titan zombies (Depths:3)
  4 spriggans
  4 shock serpents
  A titan skeleton (Depths:3)
  2 soul eaters
  A spectral storm dragon (Depths:3)
  18 deep elf knights
  A storm dragon zombie (Depths:3)
  4 hell knights
  5 sun demons
  2 skysharks
  2 sixfirhies
  4 pharaoh ants
  12 iron trolls
  4 skeletal warriors
  2 golden dragon zombies (Depths:3)
  Amaemon (Lair:2)
  9 goliath frogs
  A salamander mystic (Depths:1)
  5 spriggan druids
  4 shadow demons
  71 deep trolls
  3 death drakes (WizLab)
  5 orb spiders
  5 swamp dragons
  16 deep elf archers
  An orange crystal statue (Vaults:1)
  4 flayed ghosts (Depths:3)
  2 glowing orange brains
  6 bog bodies
  3 spriggan simulacra (Depths:3)
  16 lindwurms
  3 thermic dynamos
  2 tengu zombies (Depths:3)
  15 arcanists
  A phantasmal warrior (Vaults:2)
  4 sun moths
  13 ironbound convokers
  2 golden dragon skeletons
  39 deep elf pyromancers
  26 deep elf zephyrmancers
  6 orc knights
  3 harpies
  An orc sorcerer (Swamp:4)
  11 necromancers
  5 shining eyes
  A shadow dragon skeleton (Depths:3)
  A frost giant zombie (Depths:1)
  6 cyclopes
  15 steelbarb worms
  A tengu skeleton (Depths:3)
  15 wolf spiders
  44 ugly things
  5 lightning spires (Zot:3)
  3 manticores
  4 will-o-the-wisps
  21 moths of wrath
  4 salamanders
  2 kobold blastminers
  17 elephants
  A human skeleton (Vaults:1)
  15 vault sentinels
  2 centaur zombies (D:10)
  7 black mambas
  3 apocalypse crabs (WizLab)
  15 meliai
  2 molten gargoyles (Lair:5)
  A rust devil (D:5)
  4 eyes of devastation
  11 cane toads
  3 orange demons
  2 gargoyles
  4 smoke demons
  11 komodo dragons
  4 kobold demonologists
  A storm dragon simulacrum (Depths:3)
  A freezing wraith (D:15)
  2 torpor snails
  An efreet (D:15)
  An ice devil (D:4)
  17 yaktaurs
  A tormentor (Depths:3)
  2 tengu conjurers
  6 rime drakes
  A spectral human (Depths:3)
  3 hellwings
  A bloated husk (Swamp:3)
  2 polar bears (Lair:4)
  A spriggan skeleton (Depths:1)
  17 trolls
  15 hornets
  A tengu simulacrum (Depths:3)
  11 tarantellas
  7 tyrant leeches
  A shadow dragon simulacrum (Depths:3)
  A wind drake (WizLab)
  20 blink frogs
  4 meliai zombies (D:10)
  4 spriggan zombies
  A blink frog (shapeshifter) (D:15)
  A frost giant simulacrum (Depths:3)
  6 glass eyes
  Grinder (D:6)
  86 slime creatures
  20 jumping spiders
  3 vampires
  Sigmund (D:3)
  12 air elementals
  3 shadows
  A fire giant simulacrum (Depths:3)
  52 yaks
  4 water elementals
  11 wraiths
  6 culicivoras
  15 wyverns
  5 fire elementals
  3 hogs (D:15)
  11 basilisks
  2 humans (D:15)
  A warg (Orc:1)
  Grum (Lair:1)
  4 golden eyes
  44 redbacks
  2 steam dragons
  7 vampire mosquitoes (Swamp:1)
  A chaos spawn (Swamp:4)
  15 swamp worms
  An ogre zombie (Vaults:1)
  2 acid dragons
  14 water moccasins
  A glowing shapeshifter zombie (Depths:1)
  A glowing shapeshifter skeleton (Depths:3)
  8 hell hounds
  10 orc warriors
  An ice beast (D:6)
  2 sky beasts
  2 swamp drakes (Swamp:1)
  2 laughing skulls (D:15)
  A black bear (D:5)
  21 ogres
  17 wolves
  18 centaurs
  7 phantoms
  5 kobold brigands
  A brain worm (shapeshifter) (Elf:3)
  3 human zombies (Vaults:1)
  8 bullfrogs
  3 gnoll sergeants
  2 earth elementals
  4 scorpions
  10 wights
  25 killer bees (D:10)
  An electric eel (Lair:4)
  10 howler monkeys
  6 lava snakes
  2 gnoll boudas
  9 orc priests
  4 hounds
  A jelly (D:7)
  2 sleepcaps
  6 iguanas
  14 orc wizards
  16 gnolls
  9 adders
  5 dart slugs
  4 ribbon worms
  42 orcs
  4 bats
  5 endoplasms
  8 giant cockroaches
  9 hobgoblins
  10 jackals
  4 quokkas
  6 ball pythons
  10 frilled lizards
  9 goblins
  31 kobolds
  11 rats
  An aspiring flesh (Zot:2)
2150 creatures vanquished.

Vanquished Creatures (collateral kills)
  Jorgrun (D:13)
1 creature vanquished.

Vanquished Creatures (others)
  A fire giant (Depths:2)
  A black draconian (Zot:3)
  An eleionoma (Swamp:1)
  A necromancer (Depths:3)
  A cane toad (Lair:3)
  2 bloated husks
  A slime creature (Vaults:1)
  2 air elementals
  42 ball lightnings
  8 foxfires
60 creatures vanquished.

Grand Total: 2211 creatures vanquished

Notes
Turn   | Place    | Note
-------+----------+-------------------------------------------
     0 | D:1      | gimp the Naga Earth Elementalist began the quest for the
                  | Orb.
     0 | D:1      | Reached XP level 1. HP: 15/15 MP: 3/3
   134 | D:1      | Reached XP level 2. HP: 22/22 MP: 1/5
   618 | D:1      | Reached XP level 3. HP: 28/28 MP: 4/6
  1167 | D:2      | Learned a level 3 spell: Stone Arrow
  1530 | D:2      | Reached XP level 4. HP: 36/36 MP: 4/8
  1766 | D:2      | Identified the amulet "Poiturgha" {Spirit *Slow Regen+
                  | Int+3}
  1953 | D:3      | Found Kekur's Assorted Antiques.
  1968 | D:3      | Noticed Sigmund
  1976 | D:3      | Killed Sigmund
  1977 | D:3      | Reached skill level 3 in Spellcasting
  1977 | D:3      | Reached XP level 5. HP: 42/42 MP: 4/10
  1977 | D:3      | Reached XP level 6. HP: 49/49 MP: 4/11
  3183 | D:4      | Reached skill level 4 in Spellcasting
  3232 | D:4      | You fall into a shaft and drop 3 floors!
  3263 | D:6      | Reached skill level 5 in Earth Magic
  3263 | D:6      | Reached XP level 7. HP: 55/55 MP: 4/13
  3439 | D:5      | Entered Level 5 of the Dungeon
  4075 | D:4      | Reached skill level 5 in Spellcasting
  4075 | D:4      | Reached skill level 5 in Conjurations
  4653 | D:5      | Reached XP level 8. HP: 51/62 MP: 9/16
  4847 | D:5      | Reached skill level 6 in Spellcasting
  4919 | D:5      | Found Nyenotef's Weapon Shoppe.
  5742 | D:6      | Noticed Grinder
  5744 | D:6      | Killed Grinder
  5745 | D:6      | Reached skill level 7 in Spellcasting
  6538 | D:7      | Reached XP level 9. HP: 68/68 MP: 13/20
  6653 | D:7      | Identified the +6 war axe "Lezxu" {flame, rF+ rN+ Str+2
                  | Stlth+}
  6661 | D:7      | Found a staircase to the Ecumenical Temple.
  6679 | Temple   | Entered the Ecumenical Temple
  6688 | Temple   | Became a worshipper of Vehumet
  6831 | D:7      | Reached skill level 8 in Spellcasting
  7691 | D:7      | Identified the +1 robe "Ohair" {+Inv rElec Regen+ Dex-2}
  7922 | D:8      | Reached * piety under Vehumet
  7922 | D:8      | Offered knowledge of Foxfire by Vehumet.
  7923 | D:8      | Reached skill level 9 in Spellcasting
  8053 | D:8      | Reached skill level 1 in Fighting
  8652 | D:8      | Reached XP level 10. HP: 81/81 MP: 14/23
  8817 | D:8      | Found Kaofanaot's Antique Armour Boutique.
  8950 | D:9      | Found a staircase to the Lair.
  8953 | D:9      | Noticed a two-headed ogre
  9038 | D:9      | Reached ** piety under Vehumet
  9038 | D:9      | Offered knowledge of Sting by Vehumet.
  9352 | D:9      | Killed a two-headed ogre
  9694 | D:9      | Reached skill level 10 in Spellcasting
 10054 | D:10     | Entered Level 10 of the Dungeon
 10292 | D:10     | Found Isobraon's Armour Emporium.
 10417 | D:10     | Reached skill level 11 in Spellcasting
 10533 | D:10     | Offered knowledge of Dazzling Flash by Vehumet.
 10534 | D:10     | Reached XP level 11. HP: 90/90 MP: 13/26
 11212 | D:10     | Reached *** piety under Vehumet
 11242 | D:10     | Reached skill level 12 in Spellcasting
 11531 | D:10     | Found a runed translucent gate.
 11532 | D:10     | Found a runed translucent gate.
 11533 | D:10     | Found a roughly hewn altar of Beogh.
 11533 | D:10     | Found a runed translucent gate.
 11533 | D:10     | Noticed DeathSocks's ghost (novice VSFi)
 11590 | D:10     | Noticed a necromancer
 11595 | D:10     | Killed a necromancer
 11867 | D:10     | Offered knowledge of Olgreb's Toxic Radiance by Vehumet.
 11873 | D:10     | Learned a level 4 spell: Olgreb's Toxic Radiance
 11955 | D:10     | Found an ornate altar of the Wu Jian Council.
 12080 | D:10     | Reached skill level 1 in Alchemy
 12175 | D:10     | Reached skill level 13 in Spellcasting
 12642 | D:10     | Noticed a skeletal warrior
 12658 | D:10     | Killed a skeletal warrior
 12659 | D:10     | Reached XP level 12. HP: 42/97 MP: 20/29
 12712 | D:10     | Reached **** piety under Vehumet
 12944 | D:11     | Noticed a two-headed ogre
 13102 | D:11     | Killed a two-headed ogre
 13103 | D:11     | Reached skill level 5 in Alchemy
 13212 | D:11     | Noticed a two-headed ogre
 13218 | D:11     | Killed a two-headed ogre
 13219 | D:11     | Found a transporter.
 13537 | D:11     | Offered knowledge of Iskenderun's Battlesphere by Vehumet.
 13714 | D:11     | Noticed a two-headed ogre
 13716 | D:11     | Noticed Tollund's ghost (journeyman BaIE)
 13716 | D:11     | Noticed a two-headed ogre
 13717 | D:11     | Noticed a two-headed ogre
 13717 | D:11     | Identified the +8 giant club "Cosaxog" {speed, Str+4 Int+3}
 13717 | D:11     | Noticed a two-headed ogre
 13803 | D:11     | Found a staircase to the Orcish Mines.
 13837 | D:11     | Noticed a two-headed ogre
 13848 | D:11     | Found a transporter.
 13951 | Lair:1   | Entered Level 1 of the Lair of Beasts
 14090 | Lair:1   | Reached skill level 5 in Dodging
 14136 | Lair:1   | Noticed a boulder beetle
 14141 | Lair:1   | Killed a boulder beetle
 14253 | Lair:1   | Noticed Erica
 14259 | Lair:1   | Killed Erica
 14338 | Lair:1   | Reached skill level 14 in Spellcasting
 14409 | Lair:1   | Noticed Grum
 14414 | Lair:1   | Killed Grum
 15029 | Lair:2   | Reached ***** piety under Vehumet
 15029 | Lair:2   | Offered knowledge of Yara's Violent Unravelling by Vehumet.
 15162 | Lair:2   | Found a hole to the Spider Nest.
 15220 | Lair:2   | Noticed Amaemon
 15227 | Lair:2   | Killed Amaemon
 15228 | Lair:2   | Gained mutation: You can use your snake-like lower body to
                  | constrict enemies. [Naga growth]
 15228 | Lair:2   | Reached XP level 13. HP: 103/103 MP: 10/31
 15295 | Lair:2   | Noticed Urug
 15304 | Lair:2   | Killed Urug
 15839 | Lair:3   | Reached skill level 15 in Spellcasting
 15925 | Lair:3   | Offered knowledge of Sticky Flame by Vehumet.
 15931 | Lair:3   | Learned a level 4 spell: Sticky Flame
 16340 | Lair:3   | Reached skill level 1 in Fire Magic
 16515 | Lair:3   | Found a staircase to the Swamp.
 16756 | Lair:4   | Reached XP level 14. HP: 108/111 MP: 14/33
 17029 | Lair:4   | Reached skill level 1 in Shields
 17307 | Lair:4   | Reached skill level 16 in Spellcasting
 17518 | Lair:4   | Found a staircase to the Slime Pits.
 17727 | Lair:4   | Reached skill level 5 in Fire Magic
 17758 | Lair:5   | Entered Level 5 of the Lair of Beasts
 18494 | Lair:5   | Offered knowledge of Spellforged Servitor by Vehumet.
 18664 | Lair:5   | Identified a scroll of acquirement
 18664 | Lair:5   | Acquired a book of Spectacle
 18673 | Lair:5   | Learned a level 6 spell: Starburst
 18883 | Lair:5   | Found a large runed translucent door.
 18942 | Lair:5   | Found a large runed translucent door.
 19309 | Orc:1    | Entered Level 1 of the Orcish Mines
 19438 | Orc:2    | Entered Level 2 of the Orcish Mines
 19443 | Orc:2    | Noticed Donald
 19452 | Orc:2    | Killed Donald
 19501 | Orc:2    | Found a staircase to the Elven Halls.
 19515 | Orc:1    | Found Loeqepp's Assorted Antiques.
 19529 | Orc:1    | Bought a scroll of teleportation for 72 gold pieces
 19621 | Orc:2    | Reached skill level 5 in Shields
 19679 | Orc:1    | Reached XP level 15. HP: 89/117 MP: 10/35
 19965 | Orc:2    | Found a transporter.
 19983 | Orc:2    | Paralysed by an ogre mage for 3 turns
 20073 | Orc:2    | Found a roughly hewn altar of Beogh.
 20118 | Orc:2    | Noticed a cacodemon
 20118 | Orc:2    | Identified the ring "Wiki Olu" {Ice ^Drain Int+5 Slay+3}
 20199 | Orc:2    | Found Ileinta's Book Shop.
 20268 | Orc:2    | Found Enkutatt's Antique Armour Boutique.
 20269 | Orc:2    | Found Teihuimm's General Store.
 20280 | Orc:2    | Found Hokonis's Antique Weapon Boutique.
 20296 | Orc:2    | Noticed Gangsterbeez's ghost (journeyman MiFi)
 20300 | Orc:2    | Found a transporter.
 20563 | Orc:2    | Noticed an orc warlord
 20590 | Orc:2    | Bought a book of Transmutation for 280 gold pieces
 20590 | Orc:2    | Bought a book of Lightning for 360 gold pieces
 20590 | Orc:2    | Bought a book of the Spheres for 640 gold pieces
 20597 | Orc:2    | Learned a level 5 spell: Fireball
 20603 | Orc:2    | Learned a level 5 spell: Irradiate
 20610 | Orc:2    | Learned a level 6 spell: Plasma Beam
 20656 | Orc:1    | Bought a pair of runed gloves for 180 gold pieces
 21033 | D:12     | Reached skill level 1 in Air Magic
 21495 | D:13     | Offered knowledge of Lee's Rapid Deconstruction by Vehumet.
 21576 | D:13     | Found a shadowy altar of Dithmenos.
 21603 | D:13     | Noticed Jorgrun
 21734 | D:13     | Killed Jorgrun
 22074 | D:14     | Noticed Azrael
 22078 | D:14     | Reached skill level 17 in Spellcasting
 22123 | D:14     | Killed Azrael
 22494 | D:14     | Reached skill level 5 in Air Magic
 22552 | D:14     | Found a gate to the Vaults.
 22692 | D:14     | Reached XP level 16. HP: 124/124 MP: 31/37
 23307 | D:15     | Entered Level 15 of the Dungeon
 23337 | D:15     | Offered knowledge of Bombard by Vehumet.
 23400 | D:15     | Found a flickering gateway to a bazaar.
 23426 | Bazaar   | Entered a bazaar
 23458 | Bazaar   | Found Synirch's General Store.
 23474 | Bazaar   | Found Isiehaid's Book Shoppe.
 23474 | Bazaar   | Found Inweynar's Jewellery Emporium.
 23576 | D:15     | Identified the +7 great mace of Conservatism {flame,
                  | *Corrode +Blink rElec Int-4}
 23650 | D:15     | Noticed Kirke
 23658 | D:15     | Killed Kirke
 23758 | D:15     | Found a sparkling altar of Nemelex Xobeh.
 23765 | D:15     | Noticed Louise
 23770 | D:15     | Killed Louise
 23941 | D:15     | Found a staircase to the Depths.
 23991 | D:15     | Noticed Roxanne
 24617 | Spider:1 | Entered Level 1 of the Spider Nest
 24665 | Spider:1 | Noticed Asterion
 24669 | Spider:1 | Noticed an Executioner
 24672 | Spider:1 | Killed Asterion
 25081 | Spider:1 | You fall into a shaft and drop 1 floor!
 25861 | Spider:2 | Reached skill level 10 in Fire Magic
 26093 | Spider:3 | Noticed Arachne
 26229 | Spider:3 | Reached ****** piety under Vehumet
 26307 | Spider:3 | Reached XP level 17. HP: 117/130 MP: 3/38
 26404 | Spider:3 | Offered knowledge of Eringya's Noxious Bog by Vehumet.
 26405 | Spider:3 | Killed Arachne
 26566 | Spider:3 | Identified the +0 scale mail "Cehiuc" {rCorr Dex+2}
 26779 | Spider:4 | Entered Level 4 of the Spider Nest
 26875 | Spider:4 | Reached skill level 10 in Air Magic
 27151 | Spider:4 | Reached skill level 18 in Spellcasting
 27759 | Spider:4 | Offered knowledge of Ignition by Vehumet.
 27782 | Spider:4 | Learned a level 8 spell: Ignition
 28224 | Spider:4 | Got a gossamer rune of Zot
 28671 | Swamp:1  | Entered Level 1 of the Swamp
 28955 | Swamp:1  | Noticed Nikola
 28962 | Swamp:1  | Killed Nikola
 29264 | Swamp:1  | Reached XP level 18. HP: 138/138 MP: 36/40
 29582 | Swamp:2  | Reached skill level 10 in Shields
 30216 | Swamp:3  | Noticed Bai Suzhen
 31078 | Swamp:4  | Entered Level 4 of the Swamp
 31112 | Swamp:4  | Noticed a tentacled monstrosity
 31174 | Swamp:4  | Killed a tentacled monstrosity
 31329 | Swamp:4  | Offered knowledge of Fire Storm by Vehumet.
 31329 | Swamp:4  | Offered knowledge of Chain Lightning by Vehumet.
 31329 | Swamp:4  | Offered knowledge of Polar Vortex by Vehumet.
 31606 | Swamp:4  | Reached skill level 10 in Dodging
 31718 | Swamp:4  | Reached XP level 19. HP: 134/145 MP: 9/41
 32024 | Swamp:4  | Reached skill level 19 in Spellcasting
 32040 | Swamp:4  | Got a decaying rune of Zot
 32422 | Vaults:1 | Entered Level 1 of the Vaults
 32512 | Vaults:1 | Found a flickering gateway to a bazaar.
 32638 | Bazaar   | Entered a bazaar
 32638 | Bazaar   | Found Gusiteff's Book Boutique.
 32638 | Bazaar   | Found Kulan's Antique Armour Shoppe.
 32638 | Bazaar   | Found Rokhiegi's General Store.
 32638 | Bazaar   | Found Quitim's Book Shoppe.
 32640 | Bazaar   | Found Loaxeol's Jewellery Shop.
 32640 | Bazaar   | Found Mukkonn's Weapon Emporium.
 32667 | Bazaar   | Bought a potion of haste for 110 gold pieces
 32678 | Bazaar   | Bought a book of Minor Magic for 192 gold pieces
 32681 | Bazaar   | Learned a level 2 spell: Blink
 32899 | Vaults:1 | Reached skill level 15 in Fire Magic
 32918 | Vaults:1 | Learned a level 6 spell: Conjure Ball Lightning
 33479 | Vaults:2 | Found Eriliull's Distillery.
 33497 | Vaults:2 | Bought a potion of curing for 66 gold pieces
 33707 | Vaults:2 | Identified the beast talisman of Fedhas's Pride {Fly Str-5
                  | Int+5 Dex+3}
 33975 | Vaults:2 | Found a staircase to the Crypt.
 33995 | Vaults:2 | Found Qapyamel's Jewellery Shop.
 34039 | Vaults:2 | Reached XP level 20. HP: 150/151 MP: 36/43
 34497 | Vaults:2 | Got the Excursus on Posthumous Arcane Weapons
 34501 | Vaults:2 | Got the Spellbook of Entrancing Confrontation
 35302 | Vaults:3 | Found a glowing golden altar of the Shining One.
 35368 | Vaults:3 | Found a magical portal.
 35377 | WizLab   | Entered The Chambers of the Cloud Mage
 35400 | WizLab   | Paralysed by an air elemental for 1 turns
 35407 | WizLab   | Paralysed by an air elemental for 1 turns
 35519 | WizLab   | Paralysed by an air elemental for 1 turns
 35540 | WizLab   | Reached skill level 20 in Spellcasting
 36014 | WizLab   | Identified the ring "Qejalil" {rN+ EV+5 Str+4}
 36014 | WizLab   | Noticed Miagell
 36020 | WizLab   | Killed Miagell the Cloud Mage
 36127 | WizLab   | Identified the ring "Nadoesm" {rPois Will+ Dex+4 SInv}
 36129 | WizLab   | Identified the ring "Iwauvu" {Fly Int+3}
 36446 | Vaults:3 | Reached skill level 10 in Conjurations
 36704 | Vaults:3 | Reached XP level 21. HP: 158/158 MP: 22/45
 36820 | Vaults:3 | Found a runed translucent gate.
 36820 | Vaults:3 | Found a runed translucent gate.
 36822 | Vaults:3 | Found a runed translucent gate.
 38110 | Vaults:4 | Found Nanom's Jewellery Emporium.
 39002 | D:8      | Bought the +10 Black Knight's barding {ponderous, rPois
                  | rN+} for 1775 gold pieces
 39002 | D:8      | Found the +10 Black Knight's barding {ponderous, rPois rN+}
 39028 | D:8      | Learned a level 8 spell: Maxwell's Capacitive Coupling
 39033 | D:8      | Learned a level 4 spell: Iskenderun's Mystic Blast
 39125 | Elf:1    | Entered Level 1 of the Elven Halls
 39141 | Elf:1    | Reached skill level 1 in Translocations
 39585 | Elf:1    | Reached skill level 5 in Fighting
 39658 | Elf:1    | Found an ancient bone altar of Kikubaaqudgha.
 39724 | Elf:1    | Found Aoewic's Alliterative Armaments.
 39836 | Elf:1    | Got Bauno's Guide on Marshalled Conjuration
 40757 | Elf:2    | Found Ileggoe's Magic Scroll Emporium.
 40766 | Elf:2    | Bought a scroll of fog for 68 gold pieces
 40979 | Elf:2    | Found a runed translucent gate.
 40980 | Elf:2    | Found a runed translucent gate.
 40980 | Elf:2    | Found a runed translucent gate.
 41033 | Elf:3    | Entered Level 3 of the Elven Halls
 41033 | Elf:3    | Found Neptoub's Magic Scroll Shoppe.
 41044 | Elf:3    | Reached XP level 22. HP: 154/176 MP: 32/46
 41349 | Elf:3    | Reached skill level 21 in Spellcasting
 41733 | Elf:3    | Bought a scroll of teleportation for 33 gold pieces
 41733 | Elf:3    | Bought a scroll of fear for 44 gold pieces
 41922 | Elf:3    | Reached skill level 5 in Translocations
 42699 | Elf:3    | Got the Spellbook of Necromantic Rites and Phantasms
 42728 | Elf:3    | Identified the +1 chain mail "Kec Nos" {Int+6}
 42730 | Elf:3    | Identified the +3 morningstar of Arrival {antimagic, rPois
                  | rF+++ Str-2 Int-2}
 42744 | Elf:3    | Identified the +2 great sword of the Apocalypse {heavy, rF+
                  | Str+3}
 43126 | Slime:1  | Entered Level 1 of the Pits of Slime
 43330 | Slime:2  | Gained mutation: Your body sometimes deteriorates upon
                  | taking damage. [a shining eye]
 43803 | Slime:4  | Reached XP level 23. HP: 182/194 MP: 36/48
 43844 | Slime:4  | Reached skill level 15 in Air Magic
 43895 | Slime:5  | Entered Level 5 of the Pits of Slime
 44041 | Slime:5  | Reached skill level 22 in Spellcasting
 44161 | Slime:5  | Noticed the Royal Jelly
 44195 | Slime:5  | Killed the Royal Jelly
 44314 | Slime:5  | Identified the staff of Impatience {Conj Necro Fire}
 44336 | Slime:5  | Got a slimy rune of Zot
 44351 | Slime:5  | Identified the +6 dire flail of Unpleasantness {drain,
                  | Str+3}
 44354 | Slime:5  | Identified the +8 trident of the Enemy {drain, rF+ Will+
                  | Dex-2}
 44397 | Slime:5  | Identified the +7 chain mail of Ethics {Str+4 SInv}
 44710 | Depths:1 | Entered Level 1 of the Depths
 45516 | Depths:1 | Found Simp's Magic Scroll Emporium.
 45524 | Depths:1 | Bought a scroll of fear for 68 gold pieces
 45763 | Depths:1 | Found an ancient bone altar of Kikubaaqudgha.
 45831 | Depths:1 | Found a gateway to Hell.
 46044 | Depths:2 | Found a sacrificial altar of Ru.
 46071 | Depths:2 | Found a runed translucent door.
 46386 | Depths:2 | Found a one-way gate leading to the halls of Pandemonium.
 46818 | Depths:2 | Reached XP level 24. HP: 189/202 MP: 31/49
 46940 | Depths:2 | Identified the ring "Lifiduq" {AC+4 Str+2 Dex+3}
 46997 | Depths:2 | Noticed a shard shrike
 47100 | Depths:2 | Found a runed translucent door.
 47100 | Depths:2 | Noticed a shard shrike
 47102 | Depths:2 | Killed a shard shrike
 47103 | Depths:2 | Reached skill level 23 in Spellcasting
 47103 | Depths:2 | Killed a shard shrike
 47275 | Depths:2 | Got the Handbook of Glaciation
 47277 | Depths:2 | Got the Vellum of Wildfire
 47279 | Depths:2 | Got Vaekhloc's Excursus on the Lithosphere
 47755 | Depths:3 | Noticed the Enchantress
 47759 | Depths:3 | Killed the Enchantress
 48081 | Depths:3 | Found a corrupted altar of Lugonu.
 48081 | Depths:3 | Found a one-way gate to the infinite horrors of the Abyss.
 48259 | Depths:3 | Found an ancient bone altar of Kikubaaqudgha.
 48666 | Depths:3 | Identified the +0 hand axe of the Special Friends {freeze,
                  | Int+3 Stlth+}
 48896 | Depths:3 | Found the +4 consecrated labrys {holy, Valiant ^Fragile Fly
                  | SInv}
 49174 | Depths:3 | Found Raumon's Neck Hole.
 49271 | Depths:4 | Entered Level 4 of the Depths
 49504 | Depths:4 | Noticed Sojobo
 49516 | Depths:4 | Killed Sojobo
 49590 | Depths:4 | Found a radiant altar of Vehumet.
 49633 | Depths:4 | Found a one-way gateway to a ziggurat.
 49736 | Depths:4 | Found a gate to the Realm of Zot.
 49778 | Depths:4 | Reached XP level 25. HP: 202/210 MP: 50/50
 50124 | Depths:4 | Identified the +7 arbalest of Wisdom {drain, rF+ rCorr
                  | Str+2 Dex-5}
 50589 | Depths:4 | Learned a level 9 spell: Chain Lightning
 50635 | Zot:1    | Entered Level 1 of the Realm of Zot
 51020 | Zot:1    | Reached skill level 24 in Spellcasting
 51078 | Zot:1    | Noticed an orb of fire
 51084 | Zot:1    | Killed an orb of fire
 52314 | Zot:2    | Noticed Vv
 53164 | Zot:2    | Killed Vv
 54478 | Zot:2    | Reached skill level 15 in Conjurations
 54716 | Zot:3    | Identified the staff of Vanity {rElec Str+4 Air}
 54907 | Zot:3    | Found the +4 dragonskin cloak
 54907 | Zot:3    | Noticed Tiamat
 54911 | Zot:3    | Killed Tiamat
 54912 | Zot:3    | Reached XP level 26. HP: 208/217 MP: 42/51
 55943 | Zot:3    | Noticed a Killer Klown
 55965 | Zot:3    | Killed a Killer Klown
 56400 | Zot:3    | Identified the staff "X" {^Contam rElec rF+ Air Alchemy}
 56572 | Zot:4    | Noticed an orb of fire
 56660 | Zot:4    | Reached skill level 25 in Spellcasting
 57220 | Zot:4    | Killed an orb of fire
 57808 | Zot:5    | Entered Level 5 of the Realm of Zot
 58114 | Zot:5    | Noticed an orb of fire
 58116 | Zot:5    | Gained mutation: You are frail. (-10% HP) [an orb of fire]
 58119 | Zot:5    | Noticed an ancient lich
 58122 | Zot:5    | Killed an ancient lich
 58123 | Zot:5    | Noticed an orb of fire
 58123 | Zot:5    | Gained mutation: You occasionally lose the ability to read
                  | scrolls when taking damage. [an orb of fire]
 58126 | Zot:5    | Killed an orb of fire
 58127 | Zot:5    | Lost mutation: You are frail. (-10% HP) [an orb of fire]
 58130 | Zot:5    | Killed an orb of fire
 58276 | Zot:5    | Lost mutation: You occasionally lose the ability to read
                  | scrolls when taking damage. [potion of mutation]
 58276 | Zot:5    | Lost mutation: Your body sometimes deteriorates upon taking
                  | damage. [potion of mutation]
 58276 | Zot:5    | Gained mutation: You sometimes lose your temper in combat.
                  | [potion of mutation]
 58276 | Zot:5    | Gained mutation: You have a somewhat thin skeletal
                  | structure. (Dex +2, Stealth+) [potion of mutation]
 58313 | Zot:5    | Reached XP level 27. HP: 224/224 MP: 52/52
 58323 | Zot:5    | Noticed an orb of fire
 58336 | Zot:5    | Noticed an orb of fire
 58336 | Zot:5    | Noticed an orb of fire
 58336 | Zot:5    | Noticed an orb of fire
 58336 | Zot:5    | Gained mutation: Your magical capacity is low. (-10% MP)
                  | [an orb of fire]
 58337 | Zot:5    | Killed an orb of fire
 58337 | Zot:5    | Gained mutation: You are clumsy. (Dex -2) [an orb of fire]
 58340 | Zot:5    | Killed an orb of fire
 58340 | Zot:5    | Gained mutation: You occasionally lose the ability to read
                  | scrolls when taking damage. [an orb of fire]
 58341 | Zot:5    | Killed an orb of fire
 58341 | Zot:5    | Noticed an ancient lich
 58343 | Zot:5    | Killed an orb of fire
 58348 | Zot:5    | Killed an ancient lich
 58373 | Zot:5    | Lost mutation: You occasionally lose the ability to read
                  | scrolls when taking damage. [potion of mutation]
 58373 | Zot:5    | Lost mutation: You sometimes lose your temper in combat.
                  | [potion of mutation]
 58373 | Zot:5    | Lost mutation: Your magical capacity is low. (-10% MP)
                  | [potion of mutation]
 58373 | Zot:5    | Gained mutation: You passively dampen the noise of your
                  | surroundings. [potion of mutation]
 58373 | Zot:5    | Gained mutation: You occasionally lose the ability to drink
                  | potions when taking damage. [potion of mutation]
 58373 | Zot:5    | Gained mutation: Your mind is acute. (Int +4, Str/Dex -1)
                  | [potion of mutation]
 58548 | Zot:5    | Noticed an orb of fire
 58551 | Zot:5    | Gained mutation: You are weak. (Str -2) [an orb of fire]
 58553 | Zot:5    | Killed an orb of fire
 58616 | Zot:5    | Noticed an orb of fire
 58617 | Zot:5    | Lost mutation: You are weak. (Str -2) [an orb of fire]
 58620 | Zot:5    | Killed an orb of fire
 58815 | Zot:5    | Noticed an ancient lich
 58820 | Zot:5    | Killed an ancient lich
 58904 | Zot:5    | Noticed an ancient lich
 58907 | Zot:5    | Killed an ancient lich
 59007 | Zot:5    | Got the Orb of Zot
 59494 | D:4      | Noticed Qurov the pandemonium lord
 59498 | D:4      | Killed Qurov the pandemonium lord
 59607 | D:$      | Escaped with the Orb!

Illustrated notes

Levels and vault maps discovered:
D:1:      saegor_arrival_simple_b, layout_rooms, grunt_decor_one_mirror
D:2:      layout_basic
D:3:      layout_basic, serial_shops, nicolae_shop_hallway_plus, uniq_sigmund
D:4:      minmay_chambers_of_twos, layout_loops_ring, st_stairs_7
D:5:      layout_gridville, serial_shops, nicolae_shop_bloodbath_and_beyond,
          abandoned_shop
D:6:      layout_loops_ring, uniq_grinder
D:7:      layout_gridville, minmay_temple_entry_crystal_x, kennysheep_potato
D:8:      layout_gridville, serial_shops, shop
D:9:      nicolae_BIG_FREAKIN_CUBE, layout_long_grid, lair_entry_dummy,
          hangedman_decor_clover_reticule
D:10:     bobbens_index_wilting_gardens, layout_loops_cross,
          lemuel_coloured_pillars_altar, serial_shops, nicolae_shop_trees,
          biasface_ghost_orc_armoury
D:11:     layout_basic, orc_0_dummy, gammafunk_ghost_smash
D:12:     layout_irregular_city
D:13:     layout_rooms, grunt_dithmenos_smoke_and_mirrors, uniq_jorgrun
D:14:     layout_loops_corners, david_vaults_1, uniq_azrael
D:15:     hangedman_depths_entry_civil_slaughter, layout_basic,
          nemelex_spade_bored_becter, serial_shops, bzr_entry_customers,
          uniq_roxanne, uniq_kirke, uniq_louise
Temple:   compressed_dpeg_triangle_lava_temple
Lair:1:   layout_regular_city, grunt_megastairs_1, infiniplex_staircase_pool,
          uniq_grum, uniq_erica
Lair:2:   minmay_lair_oklob_chamber, layout_regular_city, dummy_spider_entry,
          grunt_megastairs_3, uniq_urug, uniq_amaemon
Lair:3:   layout_cave_shapes, palyth_hydra_swamp_entry, minmay_holes,
          infiniplex_staircase_pool_2
Lair:4:   layout_gridlike, dpeg_slime_entry_corner, beast_lair_carwin_6
Lair:5:   cheibrodos_lair_end_hotspot, layout_gridlike, minmay_lair_drake_nest
Swamp:1:  layout_basic_swamp, hangedman_swamp_blocks, uniq_nikola
Swamp:2:  layout_basic_swamp, evilmike_swamp_ruin_house_2, swamp_pool_1_2,
          nicolae_swamp_little_tower
Swamp:3:  layout_basic_swamp, evilmike_swamp_ruin_rubble_1, uniq_bai_suzhen
Swamp:4:  nzn_swamp_witches_coven, layout_basic_swamp, swamp_pool_1_2,
          nicolae_swamp_decorative_isthmus
Spider:1: layout_spider_delve, uniq_asterion
Spider:2: layout_cave_pods
Spider:3: layout_spider_delve, nicolae_spider_eight_legs, uniq_arachne
Spider:4: hellmonk_spider_rune_bug_friends, spiders_nest_spider_trap
Slime:1:  cheibrodos_slime_lost_civilization_2, layout_caves
Slime:2:  layout_caves
Slime:3:  layout_caves, cheibrodos_slime_lost_civilization_6
Slime:4:  layout_caves, nicolae_slime_round_cave
Slime:5:  slime_pit_nicolae_jellycorners
Orc:1:    layout_caves, serial_shops, nicolae_square_shop
Orc:2:    st_orc_open, layout_caves, gammafunk_ghost_abyssal_escape,
          basic_altar, uniq_donald
Elf:1:    elf_arrival_002, layout_loops_corners, basic_altar,
          minmay_elf_sorcery, monkooky_shop_alliterative
Elf:2:    nicolae_elf_blades_crystal_corner, layout_rooms, serial_shops, shop
Elf:3:    minmay_elf_hall_four_x, layout_rooms, serial_shops,
          nicolae_shop_peninsula
Vaults:1: vaults_mumra_hex, hangedman_vaults_cutoff, vaults_room_ringed_pool,
          nicolae_vaults_tetromino_L_2, ontoclasm_vaults_eye,
          hangedman_vaults_nails, vaults_room_grunt_arrival_ludios,
          nicolae_vaults_theta, ontoclasm_vaults_ring_square,
          nicolae_vaults_cochlea, v_misc_33, nicolae_vaults_little_squares_2,
          nicolae_vaults_double_plus_1, layout_vaults_maze_bifur, serial_shops,
          statue_bzr
Vaults:2: nicolae_vaults_frosty_reception, grunt_vaults_diagonal, v_rooms_6,
          minmay_crypt_entry_simple_round, nicolae_vaults_closet_pinwheel_6,
          nicolae_vaults_library_corner, nicolae_vaults_wrenched,
          nicolae_vaults_stepped_doors, v_misc_29,
          nicolae_vaults_trapezoid_lopsided_1, vaults_room_hallway,
          layout_vaults_ring, serial_shops, shop, shop
Vaults:3: mu_enter_wizlab_5, nicolae_vaults_twisting_passages,
          nicolae_vaults_more_shelving_1, lemuel_angel_altar,
          nicolae_vaults_storage_closets_3, hangedman_vaults_slice,
          vaults_room_hallway, wander_protected_by_tso,
          nicolae_vaults_triangles, nicolae_vaults_shelves_hall, v_misc_32,
          nicolae_vaults_trapezoid_2, layout_vaults_omnicross
Vaults:4: nicolae_vaults_little_squares_1, nicolae_vaults_sealed_display,
          vaults_room_octagon, nicolae_vaults_little_squares_6, v_pattern_5,
          nicolae_vaults_variable_pillar_hall, nicolae_vaults_tetromino_L_1,
          grunt_vaults_hallway_short, layout_vaults_quadrants, serial_shops,
          nicolae_square_shop
Depths:1: layout_roguey, chequers_serial_rivers_small_3, serial_shops,
          nicolae_shop_tiny_statue_garden, hellmouth_3,
          kennysheep_vampire_church
Depths:2: mu_elemental_laboratory, layout_cave_pools, hangedman_decor_riveting,
          grunt_pan_entry_zigzag, hell_entry, serial_sigils_hangedman_scar,
          nicolae_ru_great_annihilating_truth
Depths:3: evilmike_negative_zone, layout_gridlike, abyss_entry_flame_altar,
          hell_entry, pan_entry, nicolae_shop_sticking_my_neck_out,
          uniq_enchantress
Depths:4: grunt_zot_entry_bicorn, layout_basic, enter_ziggurat_b,
          grunt_hell_entry_dis_grunt, nicolae_vehumet_radiance,
          abyss_entry_crystal, glass_columns_a, fountainhead,
          infiniplex_staircase_pool_lava, uniq_sojobo
Zot:1:    layout_concentric_octagons
Zot:2:    layout_gridlike, hangedman_spider_trapstep, uniq_vv
Zot:3:    infiniplex_zot_generator, layout_basic, hangedman_zot_gyre,
          regret_index_zotdec_decaying_basic, uniq_tiamat
Zot:4:    layout_concentric_octagons, regret_index_zotdec_barnacled_simple,
          hangedman_zot_decor_slant
Zot:5:    layout_gridville

Skill      XL: |  1  2  3  4  5  6  7  8  9 10 11 12 13 14 15 16 17 18 19 20 21 22 23 24 25 26 27 |
---------------+----------------------------------------------------------------------------------+-----
Conjurations   | 2 3 4 5 6 8 9 10 13 15 18 20 | 20.0
Spellcasting   | 3 4 5 7 9 11 13 14 15 16 17 18 19 20 21 22 23 24 25 | 25.0
Earth Magic    | 4 5 8 |  8.0
Fighting       | 2 3 6 9 |  9.9
Alchemy        | 4 8 |  8.0
Dodging        | 3 6 8 9 10 11 12 13 | 13.0
Fire Magic     | 2 6 8 10 11 13 16 17 18 | 18.0
Shields        | 5 7 8 9 10 | 10.0
Air Magic      | 5 9 11 12 13 14 17 19 21 22 23 | 23.8
Translocations | 4 5 |  5.0
Stealth        | |  3.0

Action                     |  1- 3 |  4- 6 |  7- 9 | 10-12 | 13-15 | 16-18 | 19-21 | 22-24 | 25-27 || total
---------------------------+-------+-------+-------+-------+-------+-------+-------+-------+-------++-------
  Melee: Unarmed           |       |     8 |     1 |       |       |       |       |       |       ||     9
         War axe           |       |       |    13 |       |       |       |       |       |       ||    13
         Staff             |       |       |    12 |    14 |    15 |     6 |     8 |     6 |     6 ||    67
         Constrict         |       |       |       |       |     6 |     2 |     3 |     3 |     2 ||    16
   Cast: Sandblast         |    61 |    52 |    28 |    32 |       |       |       |       |       ||   173
         Stone Arrow       |       |     4 |   146 |   275 |   372 |   177 |   257 |   181 |    87 ||  1499
         Olgreb's Toxic Ra |       |       |       |    32 |   123 |    27 |       |       |       ||   182
         Sticky Flame      |       |       |       |       |    10 |       |       |       |       ||    10
         Starburst         |       |       |       |       |     3 |       |       |       |       ||     3
         Plasma Beam       |       |       |       |       |    48 |   303 |   256 |   209 |   233 ||  1049
         Irradiate         |       |       |       |       |     3 |    44 |    45 |    48 |    33 ||   173
         Fireball          |       |       |       |       |     1 |    53 |    57 |   138 |    11 ||   260
         Ignition          |       |       |       |       |       |       |    40 |    65 |    13 ||   118
         Conjure Ball Ligh |       |       |       |       |       |       |    11 |     4 |       ||    15
         Maxwell's Capacit |       |       |       |       |       |       |       |    38 |    99 ||   137
         Iskenderun's Myst |       |       |       |       |       |       |       |       |     3 ||     3
         Blink             |       |       |       |       |       |       |       |       |     2 ||     2
         Chain Lightning   |       |       |       |       |       |       |       |       |     6 ||     6
Ability: Spit Poison       |     6 |     7 |    15 |     4 |       |       |       |       |     1 ||    33
  Evoke: Wand              |       |       |       |     2 |     3 |       |       |     1 |     1 ||     7
         Lightning rod     |       |       |       |       |     2 |     2 |       |       |       ||     4
         Phantom mirror    |       |       |       |       |     1 |       |     1 |       |       ||     2
    Use: Scroll            |       |       |       |    14 |    14 |    12 |     7 |     2 |    10 ||    59
         Potion            |       |       |       |     2 |       |     4 |     2 |       |     8 ||    16
 Armour: Robe              |     8 |    13 |    93 |   254 |   255 |   191 |   232 |   131 |       ||  1177
         Acid dragon scale |       |       |       |       |       |       |       |   153 |   305 ||   458
  Dodge: Dodged            |     7 |    17 |    58 |    85 |   222 |   125 |   113 |   148 |   145 ||   920
  Block: Kite shield       |       |       |       |       |       |   113 |   108 |   123 |    96 ||   440
         Reflection        |       |       |       |       |       |     6 |    18 |    11 |       ||    35

Table legend: (Time is in decaauts)
 A = Elapsed time spent in this place.
 B = Non-inter-level travel time spent in this place.
 C = Inter-level travel time spent in this place.
 D = Time resting spent in this place.
 E = Time spent auto-exploring this place.
 F = Levels seen in this place.
 G = Mean time per level.
                   A        B        C        D        E       F      G
               +--------+--------+--------+--------+--------+-----+--------+
         Total |  74063 |  67298 |   6765 |   1288 |  54456 |  55 | 1346.6 |
       Dungeon |  23519 |  20687 |   2832 |    433 |  17303 |  15 | 1567.9 |
        Temple |     25 |      3 |     22 |      0 |      0 |   1 |   25.0 |
          Lair |   7187 |   6272 |    915 |     47 |   5162 |   5 | 1437.4 |
         Swamp |   4445 |   4054 |    391 |     37 |   3277 |   4 | 1111.2 |
   Spider Nest |   4967 |   4663 |    304 |     56 |   3807 |   4 | 1241.8 |
    Slime Pits |   1563 |   1453 |    110 |    467 |    445 |   5 |  312.6 |
  Orcish Mines |   1874 |   1597 |    277 |      0 |   1298 |   2 |  937.0 |
   Elven Halls |   4881 |   4548 |    333 |     18 |   3714 |   3 | 1627.0 |
        Vaults |   6863 |   6602 |    261 |     36 |   5406 |   4 | 1715.8 |
        Depths |   7871 |   7278 |    593 |     13 |   5985 |   4 | 1967.8 |
           Zot |   9714 |   8994 |    720 |    180 |   7289 |   5 | 1942.8 |
        Bazaar |    169 |    169 |      0 |      0 |    120 |   2 |   84.5 |
        Wizlab |    979 |    979 |      0 |      0 |    648 |   1 |  979.0 |
               +--------+--------+--------+--------+--------+-----+--------+

Top non-repeatable levels by time:
    D:10: 3431 daAuts
   Zot:1: 2437 daAuts
   Zot:3: 2423 daAuts
Depths:4: 2369 daAuts
Depths:3: 2240 daAuts
   Elf:3: 2133 daAuts
Spider:4: 1979 daAuts
Depths:2: 1957 daAuts
Vaults:2: 1896 daAuts
Vaults:4: 1880 daAuts
    D:14: 1808 daAuts
  Lair:5: 1799 daAuts
   Elf:1: 1789 daAuts
Vaults:3: 1749 daAuts
     D:9: 1723 daAuts
